 Dungeon Crawl Stone Soup version 0.30-b1-2-g02819fbbbe (webtiles) character file.

Game seed: 14915282368534880590

59 redmage the Digger (level 4, 0/33 HPs)
             Began as a Meteoran Earth Elementalist on Aug 4, 2023.
             Hit by a goblin thrown by Robin (2 damage)
             ... on level 4 of the Dungeon.
             The game lasted 00:03:46 (255 turns).

redmage the Digger (Meteoran Earth Elementalist)     Turns: 255, Time: 00:03:47

Health: 0/33       AC:  3    Str:  9    XL:     4   Next: 46%
Magic:  3/10       EV: 12    Int: 18    God:
Gold:   58         SH:  0    Dex: 15    Spells: 3/9 levels left

rFire   . . .        (no weapon)
rCold   . . .        (no shield)
rNeg    . . .        a - +0 robe
rPois   .            (no helmet)
rElec   .            (no cloak)
rCorr   .            e - +0 pair of gloves
SInv    .            (no boots)
Will    .....        (no amulet)
Stlth   +            (no ring)
HPRegen 0.25/turn    (no ring)
MPRegen 0.12/turn

%: no passive effects
@: flying, glowing
A: sense surroundings 1, otherworldly, glowing, explore regen
a: no special abilities


You were on level 4 of the Dungeon.
You visited 1 branch of the dungeon, and saw 4 of its levels.

You collected 58 gold pieces.

Inventory:

Armour
 a - a +0 robe (worn)
 b - a +1 ring mail of willpower
 e - a +0 pair of gloves (worn)
Jewellery
 c - a ring of ice
Potions
 d - a potion of flight


   Skills:
 - Level 2.4 Dodging
 - Level 1.4 Stealth
 + Level 3.4 Spellcasting
 + Level 2.3 Transmutations
 * Level 4.8 Earth Magic


You had 3 spell levels left.
You knew the following spells:

 Your Spells              Type           Power      Damage    Failure   Level
a - Sandblast             Erth           40%        2d10      2%          1
b - Passwall              Tmut/Erth      13%        N/A       5%          2
c - Stone Arrow           Conj/Erth      22%        3d8       17%         3

Your spell library contained the following spells:

 Spells                   Type           Power      Damage    Failure   Level
 Petrify                  Tmut/Erth      16%        N/A       34%         4


Dungeon Overview and Level Annotations

Branches:
Dungeon (4/15) Zot: 2126
 Temple: D:4-7

Altars:

Annotations:
D:4 Robin


Innate Abilities, Weirdness & Mutations

You passively map a small area around you.
You are easily found by Zot.
You glow in the dark.
You regain HP and MP as you explore.


Message History

Press: ? - help, Shift-Dir - straight line, f - goblin, p - Robin
Aim: a goblin, wielding a +0 dagger (strong, 79% to hit)
Okay, then.
The goblin hits you with a +0 dagger.
Casting: Sandblast (safe; 2% risk of failure)
Confirm with . or Enter, or press ? or * to list all spells.
Aiming: Sandblast (safe; 2% risk of failure)
Press: ? - help, Shift-Dir - straight line, f/p - Robin
Aim: Robin, wielding a +0 dagger, wearing a +0 animal skin and wearing a +0 helmet (heavily wounded, 87% to hit)
The blast of sand hits the goblin!
You kill the goblin!
The goblin hits you with a +0 dagger.
A goblin comes into view. It is wielding a +0 club.
Robin hits you with a +0 dagger. The goblin hits you with a +0 dagger.
Casting: Sandblast (safe; 2% risk of failure)
Confirm with . or Enter, or press ? or * to list all spells.
Aiming: Sandblast (safe; 2% risk of failure)
Press: ? - help, Shift-Dir - straight line, f/p - Robin
Aim: Robin, wielding a +0 dagger, wearing a +0 animal skin and wearing a +0 helmet (heavily wounded, 87% to hit)
The blast of sand misses Robin.
The goblin hits you with a +0 dagger. Robin throws the goblin at you!
Unknown command.
Casting: Sandblast (safe; 2% risk of failure)
Confirm with . or Enter, or press ? or * to list all spells.
Aiming: Sandblast (safe; 2% risk of failure)
Press: ? - help, Shift-Dir - straight line, f/p - Robin
Aim: Robin, wielding a +0 dagger, wearing a +0 animal skin and wearing a +0 helmet (heavily wounded, 87% to hit)
The blast of sand misses Robin.
The goblin hits you with a +0 dagger. Robin hits you with a +0 dagger.
* * * LOW HITPOINT WARNING * * *
The goblin hits you with a +0 club.
* * * LOW HITPOINT WARNING * * *
The goblin closely misses you. Robin hits you but does no damage.
The goblin hits you with a +0 dagger.
* * * LOW HITPOINT WARNING * * *
It was a potion of flight.
You feel very buoyant.
You fly up into the air.
The goblin barely misses you. The goblin misses you.
Robin throws the goblin at you!
You die...

...# #.......
...#### .......
#.....## #...#'##*
*
#......###...#..##
, ,
#.......##...#...#
#.......##...#...#
,,
#.###'#..'.......#
..#
######....#g### **
, ### #....#g@.#
,, ..# ####.###g#,
* , #.# #.# #)# ,
#.# #.# #>..gg#
#.# #.# #######
#.# #.# ,, #.###
#.# *,* , * #...#
###.# * * ,


You could see Robin and 2 goblins.

Vanquished Creatures
  A jelly (D:4)
  A worm (D:3)
  3 orcs (D:4)
  An endoplasm (D:3)
  6 goblins (D:4)
  A hobgoblin (D:3)
  A quokka (D:4)
  3 ball pythons
  2 rats
19 creatures vanquished.

Notes
Turn   | Place    | Note
-------+----------+-------------------------------------------
     0 | D:1      | redmage the Meteoran Earth Elementalist began the quest for
                  | the Orb.
     0 | D:1      | Reached XP level 1. HP: 14/14 MP: 5/5
    87 | D:3      | Reached XP level 2. HP: 20/20 MP: 3/6
    89 | D:3      | Reached skill level 4 in Earth Magic
   157 | D:4      | Learned a level 2 spell: Passwall
   186 | D:4      | Reached XP level 3. HP: 16/26 MP: 5/8
   193 | D:4      | Learned a level 3 spell: Stone Arrow
   233 | D:4      | Reached XP level 4. HP: 33/33 MP: 7/10
   244 | D:4      | Noticed Robin
   255 | D:4      | Hit by a goblin thrown by Robin

Illustrated notes

Levels and vault maps discovered:
D:1:      lemuel_arrival_muddy, layout_rooms, chequers_serial_rivers_small_3,
          minmay_lizard_pond
D:2:      minmay_inner_zag, layout_loops_ring, minmay_tromino_i2, uniq_sigmund
D:3:      layout_loops_ring, cheibrodos_sewer_entry_bend,
          nicolae_underground_beach
D:4:      layout_basic, minmay_temple_entry_glassed_door,
          nicolae_ossuary_entry_monument, serial_shops,
          nicolae_shop_back_alley_shop, uniq_duvessa, uniq_blork_the_orc,
          uniq_robin, uniq_ijyb

Skill      XL: |  1  2  3 |
---------------+----------+-----
Earth Magic    | 4 |  4.8
Spellcasting   | 3 |  3.4
Transmutations | 2 |  2.3
Dodging        | |  2.4
Stealth        | |  1.4

Action                     |  1- 3 |  4- 6 || total
---------------------------+-------+-------++-------
  Melee: Unarmed           |       |     1 ||     1
   Cast: Sandblast         |    26 |     8 ||    34
    Use: Potion            |     1 |     1 ||     2
 Armour: Robe              |       |     3 ||     3
  Dodge: Dodged            |     6 |     4 ||    10
